 Dungeon Crawl Stone Soup version 0.26-b1-32-g5d43845318 (webtiles) character file.

Game seed: 14796174973364307202

36 Borgoz the Skirmisher (level 3, -1/33 HPs)
             Began as a Hill Orc Abyssal Knight on Jan 10, 2021.
             Was a Follower of Lugonu.
             Slain by a gnoll
             ... wielding a +0 spear
              (4 damage)
             ... on level 2 of the Dungeon.
             The game lasted 00:01:15 (1984 turns).

Borgoz the Skirmisher (Hill Orc Abyssal Knight)     Turns: 1984, Time: 00:01:15

Health: -1/33      AC:  3    Str: 14    XL:     3   Next: 37%
Magic:  5/5        EV: 11    Int: 12    God:    Lugonu [*.....]
Gold:   90         SH:  0    Dex: 11    Spells: 2/2 levels left

rFire    . . .     SeeInvis .   a - +1 hand axe
rCold    . . .     Faith    .   (no shield)
rNeg     . . .     Spirit   .   b - +0 leather armour
rPois    .         Reflect  .   (no helmet)
rElec    .         Harm     .   (no cloak)
rCorr    .         Rampage  .   (no gloves)
Will     .....                  (no boots)
Stlth    +.........             (no amulet)
HPRegen  0.11/turn              (no ring)
MPRegen  0.09/turn              (no ring)

@: no status effects
A: no striking features
a: Renounce Religion, Depart the Abyss


You were on level 2 of the Dungeon.
You worshipped Lugonu.
Lugonu was aware of your devotion.
You visited 1 branch of the dungeon, and saw 2 of its levels.
You visited the Abyss 1 time.

You collected 90 gold pieces.

Inventory:

Hand Weapons
 a - a +1 hand axe (weapon)
Armour
 b - a +0 leather armour (worn)
Jewellery
 e - an uncursed ring of wizardry {unknown}
Scrolls
 h - 2 scrolls of identify {unknown}
 i - a scroll of blinking {unknown}
Potions
 c - a potion of heal wounds {unknown}
 d - a potion of flight {unknown}
 f - 2 potions of mutation {unknown}
 g - a potion of haste {unknown}


   Skills:
 + Level 4.0 Fighting
 + Level 3.2 Axes
 + Level 2.5 Armour
 * Level 1.5 Dodging
 + Level 2.9 Invocations


You had 2 spell levels left.
You didn't know any spells.
Your spell library was empty.

Dungeon Overview and Level Annotations

Branches:
Dungeon (2/15)

Altars:

Annotations:
D:2 Sigmund


Message History

You hit the gnoll but do no damage. The gnoll hits you with a +0 whip!
The gnoll barely misses you.
You closely miss the gnoll. The gnoll hits you with a +0 whip!
The gnoll closely misses you.
You closely miss the gnoll. The gnoll barely misses you.
The gnoll hits you from afar with a +0 spear.
The gnoll closely misses you.
You are too injured to fight recklessly!
You are too injured to fight recklessly!
You slash the gnoll!
The gnoll is heavily wounded.
The gnoll hits you from afar with a +0 spear.
The gnoll barely misses you.
You closely miss the gnoll.
The gnoll is heavily wounded.
The gnoll hits you from afar with a +0 spear.
The gnoll hits you with a +0 whip!
* * * LOW HITPOINT WARNING * * *
The gnoll hits you from afar with a +0 spear.
You die...

##.####.#..#
...........#
##.####..#.#
#.####..#.#
#. #.#.##..#
#
#..##.#.##..#
.......##..#
#.......#
###@##.##
#g#### #g#
#g# ..# #.#
###


You could see 3 gnolls.

Vanquished Creatures
  An adder (D:2)
  A leopard gecko (D:1)
  A giant cockroach (D:2)
  2 goblins (D:1)
  5 hobgoblins (D:1)
  3 jackals (D:1)
  A quokka (D:2)
  A bat (D:1)
  5 frilled lizards
  2 kobolds (D:1)
  2 rats
24 creatures vanquished.

Notes
Turn   | Place    | Note
-------+----------+-------------------------------------------
     0 | Abyss:1  | Borgoz the Hill Orc Abyssal Knight began the quest for the
                  | Orb.
     0 | Abyss:1  | Reached XP level 1. HP: 19/19 MP: 2/2
    40 | Abyss:1  | Noticed a tentacled starspawn
    43 | D:1      | Escaped the Abyss
   196 | D:1      | Reached * piety under Lugonu
   197 | D:1      | Reached skill level 1 in Dodging
   198 | D:1      | Reached XP level 2. HP: 25/27 MP: 3/3
  1278 | D:2      | Noticed Sigmund
  1651 | D:2      | Reached XP level 3. HP: 12/33 MP: 5/5
  1927 | D:2      | Reached skill level 4 in Fighting
  1984 | D:2      | Slain by a gnoll

Illustrated notes

Levels and vault maps discovered:
D:1:      psy_arrival_spokes, layout_basic, dk_noncrumbling_2
D:2:      layout_basic, uniq_sigmund

Skill      XL: |  1  2  3 |
---------------+----------+-----
Dodging        | 1 |  1.5
Axes           | 3 |  3.2
Fighting       | 4 |  4.0
Armour         | |  2.5
Invocations    | |  2.9

Action                   || total
-------------------------++-------
Melee: Hand axe          ||    82
Invok: Depart the Abyss  ||     1
Armor: Leather armour    ||    23
Dodge: Dodged            ||    57
